 Dungeon Crawl Stone Soup version 0.31.0-11-ge490571c62 (webtiles) character file.

Game seed: 15090568892483311641

39 Bobbunny the Trooper (level 3, -5/34 HPs)
             Began as a Minotaur Fighter on Feb 3, 2024.
             Slain by a gnoll
             ... wielding a +0 halberd
              (9 damage)
             ... on level 2 of the Dungeon.
             The game lasted 00:00:35 (650 turns).

Bobbunny the Trooper (Minotaur Fighter)              Turns: 650, Time: 00:00:36

Health: -5/34      AC:  9    Str: 22    XL:     3   Next: 28%
Magic:  2/2        EV:  8    Int:  5    God:
Gold:   49         SH:  0    Dex:  9    Spells: 2/2 levels left

rFire   . . .        h - +0 battleaxe
rCold   + . .        (shield currently unavailable)
rNeg    . . .        j - +0 chain mail
rPois   .            (helmet restricted)
rElec   .            (no cloak)
rCorr   .            (no gloves)
SInv    .            (no boots)
Will    .....        (no amulet) Stlth
                     g - ring of protection from cold
HPRegen 0.25/turn    (no ring)
MPRegen 0.08/turn

%: no passive effects
@: no status effects
A: horns 2, retaliatory headbutt
a: no special abilities


You were on level 2 of the Dungeon.
You visited 1 branch of the dungeon, and saw 2 of its levels.

You collected 49 gold pieces.

Inventory:

Hand Weapons
 a - a +0 war axe
 h - a +0 battleaxe (weapon)
Armour
 b - a +0 scale mail
 c - a +0 buckler
 j - a +0 chain mail (worn)
Jewellery
 g - a ring of protection from cold (left hand)
Scrolls
 e - 5 scrolls of identify {unknown}
 f - 4 scrolls of teleportation {unknown}
 k - a scroll of torment {unknown}
Potions
 d - a potion of might
 i - a potion of degeneration {unknown}
 l - a potion of attraction {unknown}


   Skills:
 + Level 4.5 Fighting
 + Level 3.6 Axes
 - Level 3.6 Armour
 - Level 3.6 Shields


You had 2 spell levels left.
You didn't know any spells.
Your spell library contained the following spells:

 Spells                   Type           Power      Damage    Failure   Level
 Lesser Beckoning         Tloc           0%         N/A       99%         2
 Gell's Gravitas          Tloc           0%         N/A       100%        3
 Teleport Other           Tloc           0%         N/A       100%        3


Dungeon Overview and Level Annotations

Branches:
Dungeon (2/15)

Altars:


Innate Abilities, Weirdness & Mutations

You have a pair of horns on your head.
You reflexively headbutt those who attack you in melee.


Message History

A gnoll comes into view. It is wielding a +0 flail.
Found a red potion.
The gnoll shouts!
You hear a shout!
The gnoll throws a throwing net.
The throwing net barely misses you.
A gnoll comes into view. It is wielding a +0 flail.
The gnoll barely misses you.
You hit the gnoll. Your headbutt misses the gnoll.
The gnoll is moderately wounded.
The gnoll hits you from afar with a +0 halberd!
The gnoll hits you from afar with a +0 halberd.
You barely miss the gnoll.
The gnoll is lightly wounded.
You hit the gnoll but do no damage. You slash the gnoll!
The gnoll hits you but does no damage. The gnoll closely misses you.
The gnoll hits you but does no damage. x2; You feel drained.
The gnoll hits you with a +0 flail! The gnoll completely misses you.
The gnoll barely misses you.
You are too injured to fight recklessly!
You are too injured to fight recklessly!
You are too injured to fight recklessly!
You are too injured to fight recklessly!
You are too injured to fight recklessly!
You are too injured to fight recklessly!
You are too injured to fight recklessly!
You slash the gnoll!
You kill the gnoll!
You hit the gnoll. You slash the gnoll! The gnoll hits you with a +0 flail.
The gnoll hits you from afar with a +0 halberd!
* * * LOW HITPOINT WARNING * * *
The gnoll completely misses you.
Your life force feels restored.
The gnoll hits you but does no damage. The gnoll barely misses you.
The gnoll hits you but does no damage.
You see here a +0 whip of draining.
You barely miss the gnoll.
The gnoll is almost dead.
You barely miss the gnoll. The gnoll closely misses you. x2
The gnoll hits you but does no damage. x2
The gnoll hits you from afar with a +0 halberd!
You die...

#.....
#........#.....#.##......
#.....
#.......<#.#.###.##......
##.###
#........#.#.............
..
########.#.#####.#...####
#.......((..#.##### .
+.............# .#
#......#....### #
#...g..#....#
#....@g#....#
#..g...###### #......#
#.....!# #......#
#......# ########


You could see 3 gnolls.

Vanquished Creatures
  A gnoll (D:2)
  An adder (D:2)
  A dart slug (D:1)
  2 endoplasms (D:1)
  A goblin (D:1)
  3 hobgoblins
  A kobold (D:1)
  2 quokkas
  A ball python (D:2)
  3 bats
  A frilled lizard (D:1)
  A rat (D:1)
18 creatures vanquished.

Notes
Turn   | Place    | Note
-------+----------+-------------------------------------------
     0 | D:1      | Bobbunny the Minotaur Fighter began the quest for the Orb.
     0 | D:1      | Reached XP level 1. HP: 19/19 MP: 0/0
   179 | D:1      | Reached skill level 4 in Fighting
   183 | D:1      | Reached XP level 2. HP: 27/27 MP: 1/1
   596 | D:2      | Reached XP level 3. HP: 34/34 MP: 2/2
   650 | D:2      | Slain by a gnoll

Illustrated notes

Levels and vault maps discovered:
D:1:      roderic_octagonal_star, layout_rooms
D:2:      minmay_evil_eye, layout_basic, corexii_corridor_pit,
          kennysheep_pointless_box, uniq_jessica

Skill      XL: |  1 |
---------------+----+-----
Fighting       | 4 |  4.5
Axes           | 3 |  3.6
Armour         | |  3.6
Shields        | |  3.6

Action                     || total
---------------------------++-------
  Melee: War axe           ||    19
         Battleaxe         ||    20
         Headbutt          ||     1
 Armour: Scale mail        ||    22
         Chain mail        ||    23
  Dodge: Dodged            ||    24
  Block: Buckler           ||     1
